 Dungeon Crawl Stone Soup version 0.27-a0-765-ge4d627daa3 (webtiles) character file.

Game seed: 17759989510320686426

37 sleeves the Vexing (level 3, -7/24 HPs)
             Began as a Barachi Enchanter on Mar 25, 2021.
             Mangled by Natasha (9 damage)
             ... on level 1 of the Dungeon.
             The game lasted 00:02:47 (1915 turns).

sleeves the Vexing (Barachi Enchanter)              Turns: 1915, Time: 00:02:47

Health: -7/24      AC:  2    Str:  9    XL:     3   Next: 39%
Magic:  5/6        EV: 12    Int: 16    God:
Gold:   15         SH:  0    Dex: 12    Spells: 5/6 levels left

rFire    . . .     SeeInvis .   a - +1 dagger
rCold    . . .     Faith    .   (no shield)
rNeg     . . .     Spirit   .   b - +0 robe
rPois    .         Reflect  .   (no helmet)
rElec    .         Harm     .   (no cloak)
rCorr    .         Rampage  .   (no gloves)
Will     .....                  (no boots)
Stlth    ++........             (no amulet)
HPRegen  0.08/turn              (no ring)
MPRegen  0.10/turn              (no ring)

@: slow
A: +LOS, amphibious, slowness 1, strong legs 1
a: Hop


You were on level 1 of the Dungeon.
You visited 1 branch of the dungeon, and saw 2 of its levels.

You collected 15 gold pieces.

Inventory:

Hand Weapons
 a - a +1 dagger (weapon)
Armour
 b - a +0 robe (worn)
Scrolls
 d - a scroll of blinking {unknown}
 e - 2 scrolls of vulnerability {unknown}
 f - a scroll of teleportation {unknown}
 h - a scroll of fog {unknown}
Potions
 c - a potion of lignification {unknown}
 g - 2 potions of ambrosia {unknown}


   Skills:
 + Level 2.2 Short Blades
 - Level 2.1 Dodging
 + Level 3.2 Stealth
 - Level 2.1 Spellcasting
 + Level 3.8 Hexes


You had 5 spell levels left.
You knew the following spells:

 Your Spells              Type           Power      Damage    Failure   Level
a - Corona                Hex            15%        N/A       4%          1

Your spell library contained the following spells:

 Spells                   Type           Power      Damage    Failure   Level
 Confusing Touch          Hex            14%        N/A       13%         3
 Tukima's Dance           Hex            14%        N/A       13%         3
 Ensorcelled Hibernation  Hex/Ice        14%        N/A       14%         2
 Dazzling Flash           Conj/Hex       14%        N/A       28%         3


Dungeon Overview and Level Annotations

Branches:
Dungeon (2/15)

Altars:

Annotations:
D:1 Natasha


Innate Abilities, Weirdness & Mutations

You can be seen from farther away. (+LOS)
You are amphibious.
You cover ground slowly.
You can hop short distances.


Message History

Welcome, sleeves the Barachi Enchanter.
Will you prevail where others failed? Will you find the Orb of Zot?
Press ? for a list of commands and other information.
Found a fuming golden potion.
Found a staircase leading out of the dungeon.
c - a fuming golden potion Unknown command.
Unknown command.
Unknown command.
You open the door.
Found a stone staircase leading down.
There is an open door here.
There is a stone staircase leading down here.
A bat comes into view.
A bat is nearby!
A bat is nearby!
A bat comes into view.
Found a curved runed staff.
The helpless bat fails to defend itself.
You puncture the bat!
You kill the bat!
You hit the bat but do no damage. The bat hits you but does no damage.
The bat closely misses you. The bat misses you.
You miss the bat. The bat hits you but does no damage.
You hit the bat.
The bat is moderately wounded.
The bat hits you but does no damage.
You hit the bat.
You kill the bat!
No target in view!
No target in view!
A quokka comes into view.
A quokka is nearby!
A quokka is nearby!
A rat comes into view.
The helpless quokka fails to defend itself.
You puncture the quokka!
You kill the quokka!
d - a staff of cold You drop a staff of cold.
A rat is nearby!
A rat is nearby!
Found a scroll labelled SORUPA HYRA.
You hit the rat.
You kill the rat!
No target in view!
Found 29 stones.
d - a scroll labelled SORUPA HYRA A bat and a hobgoblin come into view.
There are monsters nearby!
The hobgoblin shouts!
You hit the hobgoblin.
The hobgoblin is severely wounded.
The hobgoblin barely misses you.
You barely miss the hobgoblin.
The hobgoblin is severely wounded.
The bat barely misses you. The hobgoblin closely misses you.
You hit the hobgoblin.
You kill the hobgoblin!
The bat hits you.
You hit the bat.
The bat is moderately wounded.
The bat completely misses you. The bat misses you.
The bat barely misses you. x2
The bat hits you but does no damage. The bat hits you.
You barely miss the bat.
The bat is moderately wounded.
The bat closely misses you. The bat hits you. The bat misses you.
You hit the bat.
The bat is severely wounded.
The bat misses you. The bat misses you. The bat hits you but does no damage.
The bat barely misses you.
You hit the bat.
You kill the bat!
You have reached level 2!
HP restored.
e - a scroll labelled HUMEUT GEGOPP A quokka comes into view.
The quokka closely misses you.
Casting: Corona (safe; 5% risk of failure)
Confirm with . or Enter, or press ? or * to list all spells.
Aiming: Corona (safe; 5% risk of failure)
Press: ? - help, Shift-Dir - straight line, f - quokka
Aim: a quokka (chance to affect: 66%)
The quokka is outlined in light.
The quokka bites you.
You hit the quokka.
The quokka is moderately wounded.
The quokka bites you.
You hit the quokka.
The quokka is heavily wounded.
The quokka misses you.
You hit the quokka.
The quokka is severely wounded.
The quokka barely misses you.
You hit the quokka.
You kill the quokka!
No target in view!
No target in view!
Magic restored. 2 jackals and a kobold come into view.
There are monsters nearby!
There are monsters nearby!
There are monsters nearby!
The jackal barks!
You hear a bark!
A jackal comes into view.
The jackal barely misses you.
Casting: Corona (safe; 5% risk of failure)
Confirm with . or Enter, or press ? or * to list all spells.
Aiming: Corona (safe; 5% risk of failure)
Press: ? - help, Shift-Dir - straight line, f - jackal
Aim: a jackal (chance to affect: 66%)
The jackal is outlined in light.
The jackal bites you.
You hit the jackal but do no damage. The jackal closely misses you.
You hit the jackal.
The jackal is severely wounded.
The jackal closely misses you. x2
You hit the jackal.
You kill the jackal!
The jackal bites you but does no damage.
The kobold hits you with a +0 dagger. The jackal barely misses you.
The kobold barely misses you.
Casting: Corona (safe; 5% risk of failure)
Confirm with . or Enter, or press ? or * to list all spells.
Aiming: Corona (safe; 5% risk of failure)
Press: ? - help, Shift-Dir - straight line, f - jackal
Aim: a jackal (chance to affect: 66%)
The jackal is outlined in light.
The jackal misses you. The jackal bites you.
You barely miss the jackal. The jackal misses you.
You hit the jackal but do no damage. The jackal misses you.
The jackal bites you.
You closely miss the jackal. The jackal closely misses you.
You barely miss the jackal. The jackal bites you.
You hit the jackal.
The jackal is moderately wounded.
The jackal barely misses you. The jackal bites you.
You are too injured to fight recklessly!
You are too injured to fight recklessly!
You hit the jackal.
The jackal is heavily wounded.
The jackal completely misses you.
You hit the jackal.
You kill the jackal!
Casting: Corona (safe; 4% risk of failure)
Confirm with . or Enter, or press ? or * to list all spells.
Aiming: Corona (safe; 4% risk of failure)
Press: ? - help, Shift-Dir - straight line, f - kobold
Aim: a kobold, wielding a +0 dagger (chance to affect: 66%)
The kobold is outlined in light.
The kobold hits you with a +0 dagger.
* * * LOW HITPOINT WARNING * * *
You hit the kobold but do no damage. The kobold closely misses you.
You barely miss the kobold. The kobold hits you but does no damage.
You hit the kobold but do no damage. The kobold barely misses you.
You hit the kobold.
The kobold is severely wounded.
The kobold completely misses you.
You hit the kobold but do no damage.
The kobold is severely wounded.
The kobold hits you with a +0 dagger.
* * * LOW HITPOINT WARNING * * *
You hit the kobold but do no damage.
The kobold is severely wounded.
The kobold hits you with a +0 dagger.
* * * LOW HITPOINT WARNING * * *
You hit the kobold.
You kill the kobold!
Your Stealth skill increases to level 3!
You start resting.
Magic restored.
You start resting.
A jackal is nearby!
You start resting.
HP restored.
A hobgoblin comes into view.
The hobgoblin shouts!
A hobgoblin is nearby!
A hobgoblin is nearby!
A hobgoblin is nearby!
You miscast Corona.
You are very lightly contaminated with residual magic.
Nothing appears to happen.
The hobgoblin barely misses you.
You closely miss the hobgoblin. The hobgoblin hits you.
You barely miss the hobgoblin. The hobgoblin hits you.
* * * LOW HITPOINT WARNING * * *
You are too injured to fight recklessly!
You are too injured to fight recklessly!
Casting: Corona (safe; 4% risk of failure)
Confirm with . or Enter, or press ? or * to list all spells.
Aiming: Corona (safe; 4% risk of failure)
Press: ? - help, Shift-Dir - straight line, f/p - hobgoblin
Aim: a hobgoblin (chance to affect: 66%)
The hobgoblin is outlined in light.
The hobgoblin hits you.
* * * LOW HITPOINT WARNING * * *
You hit the hobgoblin.
The hobgoblin is lightly wounded.
The hobgoblin hits you.
* * * LOW HITPOINT WARNING * * *
You hit the hobgoblin.
The hobgoblin is severely wounded.
The hobgoblin closely misses you.
You hit the hobgoblin.
You kill the hobgoblin!
You start resting.
Your magical contamination has completely faded away.
You start resting.
Magic restored.
You start resting.
A hobgoblin comes into view.
A hobgoblin is nearby!
Unknown command.
You start resting.
HP restored.
A quokka comes into view.
A quokka is nearby!
A quokka is nearby!
The quokka barely misses you. The quokka bites you.
The quokka is outlined in light.
The quokka closely misses you.
You hit the quokka.
The quokka is moderately wounded.
The quokka completely misses you.
You closely miss the quokka.
The quokka is moderately wounded.
The quokka barely misses you.
You hit the quokka but do no damage.
The quokka is moderately wounded.
The quokka bites you but does no damage.
You barely miss the quokka.
The quokka is moderately wounded.
The quokka misses you.
You hit the quokka.
The quokka is severely wounded.
The quokka bites you but does no damage.
You hit the quokka.
You kill the quokka!
No target in view!
No target in view!
No target in view!
No target in view!
No target in view!
No target in view!
Magic restored.
You see here a quokka corpse.
You see here a quokka corpse.
You open the door.
There is an open door here.
You open the door.
There is an open door here.
A bat comes into view.
A bat is nearby!
A bat is nearby!
A bat is nearby!
The bat is outlined in light.
The bat barely misses you.
A ball python comes into view.
The bat misses you.
You closely miss the bat.
The ball python hisses angrily.
The bat hits you but does no damage. The bat barely misses you.
You hit the bat.
You kill the bat!
No target in view!
You can't see any susceptible monsters within range! (Use Z to cast anyway.) Unknown command.
The ball python bites you but does no damage.
The ball python barely misses you.
The ball python barely resists.
The ball python misses you. The ball python completely misses you.
You barely miss the ball python. The ball python bites you.
The ball python grabs you. The ball python constricts you.
The ball python is outlined in light.
The ball python bites you. The ball python constricts you.
You hit the ball python.
The ball python is severely wounded.
The ball python bites you. The ball python constricts you.
You are too injured to fight recklessly!
You are too injured to fight recklessly!
You are too injured to fight recklessly!
You hit the ball python.
You kill the ball python!
Things that are here:
a ball python corpse; a bat corpse You now have 12 gold pieces.
You now have 15 gold pieces (gained 3).
A bat comes into view.
Found a hunting sling.
A bat is nearby!
A bat is nearby!
The bat is outlined in light.
You hit the bat.
The bat is severely wounded.
The bat barely misses you. The bat closely misses you.
You barely miss the bat.
The bat is severely wounded.
The bat barely misses you. The bat closely misses you. x2
You hit the bat but do no damage.
The bat is severely wounded.
The bat hits you but does no damage. The bat closely misses you.
You hit the bat.
You kill the bat!
f - a scroll labelled ETIMUBBO INKO A bat comes into view.
A bat is nearby!
A bat is nearby!
The bat is outlined in light.
The bat hits you but does no damage.
You hit the bat.
You kill the bat!
No target in view!
A dart slug comes into view.
A dart slug is nearby!
A dart slug is nearby!
The dart slug is outlined in light.
You hit the dart slug.
The dart slug is moderately wounded.
The dart slug misses you.
You hit the dart slug.
The dart slug is heavily wounded.
The dart slug bites you.
You hit the dart slug.
The dart slug is almost dead.
You hit the dart slug but do no damage.
The dart slug is almost dead.
The dart slug barely misses you.
You hit the dart slug.
You kill the dart slug!
Your Short Blades skill increases to level 2!
g - 2 smoky amethyst potions
There is an open door here.
You open the door.
There is an open door here.
A jackal is nearby!
A jackal is nearby!
The jackal barks!
The jackal is outlined in light.
You hit the jackal.
The jackal is almost dead.
The jackal bites you.
You barely miss the jackal.
The jackal is almost dead.
The jackal bites you but does no damage.
You hit the jackal.
You kill the jackal!
No target in view!
A hobgoblin is nearby!
A hobgoblin is nearby!
A hobgoblin is nearby!
The hobgoblin shouts!
The hobgoblin barely resists.
A rat comes into view.
The hobgoblin closely misses you.
The hobgoblin is outlined in light.
The hobgoblin hits you.
You hit the hobgoblin.
The hobgoblin is heavily wounded.
The hobgoblin hits you.
You are too injured to fight recklessly!
You are too injured to fight recklessly!
You are too injured to fight recklessly!
You hit the hobgoblin.
The hobgoblin is severely wounded.
The hobgoblin closely misses you.
You hit the hobgoblin but do no damage.
The hobgoblin is severely wounded.
You hit the hobgoblin.
You kill the hobgoblin!
You have reached level 3!
Your experience leads to an increase in your attributes!
Increase (S)trength, (I)ntelligence, or (D)exterity?
You feel clever.
You hit the rat.
The rat is moderately wounded.
You closely miss the rat.
The rat is moderately wounded.
The rat bites you.
You closely miss the rat.
The rat is moderately wounded.
The rat completely misses you.
You hit the rat.
You kill the rat!
You swing at nothing.
An endoplasm comes into view.
An endoplasm is nearby!
An endoplasm is nearby!
An endoplasm is nearby!
The endoplasm quivers.
The endoplasm is outlined in light.
You hit the endoplasm.
The endoplasm is heavily wounded.
The endoplasm barely misses you.
You hit the endoplasm but do no damage.
The endoplasm is heavily wounded.
The endoplasm freezes you.
You are frozen.
You are too injured to fight recklessly!
You are too injured to fight recklessly!
You are too injured to fight recklessly!
You hit the endoplasm.
The endoplasm is almost dead.
The endoplasm freezes you.
You are frozen.
* * * LOW HITPOINT WARNING * * *
You hit the endoplasm.
You kill the endoplasm!
You see here a hobgoblin skeleton.
Found a stone staircase leading down.
Found a stone staircase leading down.
There is a stone staircase leading down here.
There is a stone staircase leading down here.
Found an escape hatch in the floor.
Okay, then.
e - 2 scrolls labelled HUMEUT GEGOPP (gained 1)
Found a hand axe.
h - a scroll labelled OGYMMY SOCOICH You see here a +0 hand axe.
You see here a hobgoblin skeleton.
A hobgoblin comes into view.
The hobgoblin shouts!
A hobgoblin is nearby!
The hobgoblin hits you.
The hobgoblin is outlined in light.
The hobgoblin hits you.
You hit the hobgoblin.
The hobgoblin is moderately wounded.
The hobgoblin hits you.
You are too injured to fight recklessly!
You are too injured to fight recklessly!
You are too injured to fight recklessly!
You barely miss the hobgoblin.
The hobgoblin is moderately wounded.
The hobgoblin completely misses you.
You hit the hobgoblin but do no damage.
The hobgoblin is moderately wounded.
The hobgoblin closely misses you.
You hit the hobgoblin.
The hobgoblin is almost dead.
The hobgoblin completely misses you.
You hit the hobgoblin.
You kill the hobgoblin!
You see here a hobgoblin corpse.
Found a spear.
You see here a +0 spear.
You see here a +0 spear.
You see here a +0 hand axe.
Done exploring.
Done exploring.
Done exploring.
(D) Dungeon
Where to? (? - help)
There is a stone staircase leading down here.
You climb downwards.
An adder and Natasha come into view.
Found a black potion.
There is a stone staircase leading up here.
A kobold comes into view. It is wielding a +0 club.
Found 25 stones.
The helpless adder fails to defend itself.
You puncture the adder!
You kill the adder!
Natasha hisses angrily.
There is a stone staircase leading up here.
Natasha misses you.
You climb upwards.
There is a stone staircase leading down here.
Natasha is outlined in light.
Natasha casts a spell at you. You resist with significant effort.
You closely miss Natasha. Natasha barely misses you.
You hit Natasha.
Natasha is lightly wounded.
Natasha casts a spell at you. The magic dart hits you!
You hit Natasha but do no damage.
Natasha is lightly wounded.
Natasha claws you.
* * * LOW HITPOINT WARNING * * *
You are too injured to fight recklessly!
Okay, then.
You aren't carrying any items that you can evoke.
Unknown command.
You hit Natasha.
Natasha is lightly wounded.
Natasha claws you.
* * * LOW HITPOINT WARNING * * *
You hit Natasha but do no damage.
Natasha is lightly wounded.
Natasha stares at you and mumbles some strange words.
The magic dart hits you.
* * * LOW HITPOINT WARNING * * *
You hit Natasha.
Natasha is moderately wounded.
Natasha hisses.
Natasha claws you!
You die...

.#######.......>.....#
.# ##.##.##.##.#### .#
#.....##.#..# ##
###..#####..#.##
#.....####.#...# ##
#.............## .#
#.....######.## .#
#.....# ####.#### .#
#.....# #...@h..# .#
####### #.##.##.# .#
#.##.##.# ##
######.##.##.# ####
#...>...#.##.# ...#
#.####..#.##.# ##.#
#^####.......# ##.###
#.##......####
.....###.##.##.###


You could see Natasha (corona).

Vanquished Creatures
  An adder (D:2)
  A dart slug (D:1)
  A ball python (D:1)
  6 bats (D:1)
  An endoplasm (D:1)
  4 hobgoblins (D:1)
  3 jackals (D:1)
  3 quokkas (D:1)
  A kobold (D:1)
  2 rats (D:1)
23 creatures vanquished.

Notes
Turn   | Place    | Note
-------+----------+-------------------------------------------
     0 | D:1      | sleeves the Barachi Enchanter began the quest for the Orb.
     0 | D:1      | Reached XP level 1. HP: 13/13 MP: 3/3
   101 | D:1      | Reached XP level 2. HP: 15/19 MP: 5/5
   259 | D:1      | HP: 6/19 [kobold/+0 dagger (4)]
   264 | D:1      | HP: 4/19 [kobold/+0 dagger (3)]
   265 | D:1      | HP: 1/19 [kobold/+0 dagger (3)]
   267 | D:1      | Reached skill level 3 in Stealth
   570 | D:1      | HP: 9/19 [hobgoblin (5)]
   572 | D:1      | HP: 4/19 [hobgoblin (1)]
  1115 | D:1      | Reached skill level 2 in Short Blades
  1246 | D:1      | Reached XP level 3. HP: 14/24 MP: 3/6
  1315 | D:1      | HP: 12/24 [endoplasm/Freeze (1)]
  1899 | D:2      | Noticed Natasha
  1912 | D:1      | HP: 11/24 [Natasha (5)]
  1914 | D:1      | HP: 2/24 [Natasha/magic dart (4)]
  1915 | D:1      | Mangled by Natasha

Illustrated notes

Levels and vault maps discovered:
D:1:      tarquinn_simple_flora_water_c, layout_loops_cross
D:2:      layout_rooms, general_overflow_altar, zin_academy, serial_shops, shop,
          uniq_robin, uniq_natasha

Skill      XL: |  1  2 |
---------------+-------+-----
Stealth        | 3 |  3.2
Short Blades   | 2 |  2.2
Dodging        | |  2.1
Spellcasting   | |  2.1
Hexes          | |  3.8

Action                   || total
-------------------------++-------
Melee: Dagger            ||    88
 Cast: Corona            ||    18
 Stab: Sleeping          ||     3
Armor: Robe              ||    14
Dodge: Dodged            ||    62

Table legend: (Time is in decaauts)
 A = Elapsed time spent in this place.
 B = Non-inter-level travel time spent in this place.
 C = Inter-level travel time spent in this place.
 D = Time resting spent in this place.
 E = Time spent auto-exploring this place.
 F = Levels seen in this place.
 G = Mean time per level.
                   A        B        C        D        E       F      G
               +--------+--------+--------+--------+--------+-----+--------+
         Total |   2039 |   2007 |     32 |    526 |   1271 |   2 | 1019.5 |
       Dungeon |   2039 |   2007 |     32 |    526 |   1271 |   2 | 1019.5 |
               +--------+--------+--------+--------+--------+-----+--------+

Top non-repeatable levels by time:
     D:1: 2029 daAuts
     D:2: 9 daAuts
